 Dungeon Crawl Stone Soup version 0.23-a0-171-g5ae17c6 (webtiles) character file.

11487 Inarius the Fighter (level 11, 0/90 HPs)
             Began as a Mummy Fighter on Sept 14, 2018.
             Was an Initiate of Gozag.
             Slain by Snorg (4 damage)
             ... on level 14 of the Dungeon.
             The game lasted 00:31:38 (14748 turns).

Inarius the Fighter (Mummy Fighter)                Turns: 14748, Time: 00:31:39

Health: 0/90       AC: 22    Str: 22    XL:     11   Next: 50%
Magic:  11/11      EV:  6    Int:  8    God:    Gozag
Gold:   1583       SH: 11    Dex: 12    Spells: 7/10 levels left

rFire    . . .     SeeInvis .   m - +4 long sword (elec)
rCold    + + +     Gourm    .   c - +0 shield
rNeg     + + +     Faith    .   o - +3 gold dragon scales
rPois    ∞         Spirit   .   g - +0 helmet
rElec    .         Reflect  .   v - +1 cloak
rCorr    .         Harm     .   (no gloves)
MR       +....                  (no boots)
Stlth    ..........             (no amulet)
HPRegen  0.25/turn              x - ring of protection from cold
MPRegen  0.12/turn              s - +3 ring of evasion

@: no status effects
A: no food or potions, fire vulnerability, cold resistance 1, negative energy
resistance 3, torment resistance, unbreathing
a: Potion Petition, Call Merchant, Bribe Branch, Renounce Religion


You were on level 14 of the Dungeon.
You worshipped Gozag.
Gozag was most pleased with you.
You were not hungry.

You visited 2 branches of the dungeon, and saw 15 of its levels.
You also visited: Ossuary.

You collected 1691 gold pieces.
You paid 108 gold pieces to Gozag.

Inventory:

Hand Weapons
 a - a +0 long sword
 e - a +1 dagger of venom
 l - a +3 whip
 m - a +4 long sword of electrocution (weapon)
Missiles
 j - 12 tomahawks (quivered)
 r - 4 tomahawks of returning
Armour
 c - a +0 shield (worn)
 g - a +0 helmet (worn)
 o - +3 gold dragon scales (worn)
 v - a +1 cloak (worn)
Jewellery
 p - an uncursed ring of wizardry
 s - a +3 ring of evasion (right hand)
 x - a ring of protection from cold (left hand)
Scrolls
 b - 2 scrolls of fear
 d - 2 scrolls of immolation
 f - 3 scrolls of blinking
 h - a scroll of teleportation
 i - 3 scrolls of identify
 k - 5 scrolls of remove curse
 t - a scroll of amnesia
 u - a scroll of vulnerability
 w - a scroll of summoning


   Skills:
 * Level 9.9 Fighting
 + Level 4.5 Long Blades
 - Level 5.5 Maces & Flails
 + Level 3.2 Throwing
 + Level 7.3 Armour
 + Level 2.2 Dodging
 + Level 0.3 Stealth
 - Level 8.0 Shields
   Level 0.9 Evocations


You had 7 spell levels left.
You knew the following spells:

 Your Spells              Type           Power        Failure   Level  Hunger
a - Vampiric Draining     Necr           #.........   100%        3    N/A

Your spell library contained the following spells:

 Spells                   Type           Power        Failure   Level  Hunger
 Animate Skeleton         Necr           N/A          100%        1    N/A
 Apportation              Tloc           #.....       100%        1    N/A
 Confusing Touch          Hex            #.....       100%        1    N/A
 Pain                     Necr           #...         100%        1    N/A
 Summon Small Mammal      Summ           #...         100%        1    N/A
 Poisonous Vapours        Pois/Air       #.....       100%        2    N/A
 Sticks to Snakes         Tmut           #.......     100%        2    N/A
 Conjure Flame            Conj/Fire      #.......     100%        3    N/A
 Mephitic Cloud           Conj/Pois/Air  #.......     100%        3    N/A
 Animate Dead             Necr           N/A          100%        4    N/A
 Freezing Cloud           Conj/Ice/Air   #.........   100%        6    N/A
 Ring of Flames           Chrm/Fire      #.........   100%        7    N/A
 Beastly Appendage        Tmut           Unusable     N/A         1    N/A
 Regeneration             Chrm/Necr      Unusable     N/A         3    N/A
 Spider Form              Tmut/Pois      Unusable     N/A         3    N/A
 Ice Form                 Ice/Tmut       Unusable     N/A         4    N/A
 Blade Hands              Tmut           Unusable     N/A         5    N/A

Dungeon Overview and Level Annotations

Branches:
Dungeon (15/15)            Temple (1/1) D:6            Lair (0/6) D:8
    Orc (0/2) D:10         Depths (0/5) D:15
 Vaults: D:13-14

Altars:
Ashenzari
Cheibriados
Dithmenos
Elyvilon
Fedhas
Gozag
Hepliaklqana
Kikubaaqudgha
Makhleb
Nemelex Xobeh
Okawaru
Qazlal
Ru
Sif Muna
Trog
Uskayaw
Vehumet
Wu Jian
Xom
Yredelemnul
Zin
The Shining One
Lugonu

Shops:
D:5 }   D:9 :

Annotations:
D:6 1 runed door, vogonpoet's ghost, novice SpVM
D:14 Snorg


Innate Abilities, Weirdness & Mutations

You do not eat or drink.
Your flesh is vulnerable to fire.
You are immune to poison.
Your flesh is cold resistant. (rC+)
You are immune to negative energy. (rN+++)
You are immune to unholy pain and torment.
You can survive without breathing.


Message History

You closely miss Snorg.
Snorg is almost dead.
Snorg bites you. Snorg claws you but does no damage. x2
Snorg barely misses you. Snorg claws you but does no damage. Snorg claws you!
Your gold dragon scales prevents you from hitting Snorg.
Snorg is severely wounded.
Snorg bites you but does no damage. You block Snorg's attack. x2
Snorg bites you but does no damage. Snorg claws you.
Snorg claws you but does no damage.
You slash Snorg!
Snorg is almost dead.
Snorg bites you!!
* * * LOW HITPOINT WARNING * * *
Snorg claws you!
* * * LOW HITPOINT WARNING * * *
Snorg claws you but does no damage. You block Snorg's attack. Snorg claws you.
* * * LOW HITPOINT WARNING * * *
Snorg claws you.
You die...
Your body crumbles into a pile of gold.

....# ....### .. ##
(.....### #.# ##.
........# #.####
...# ..####..##
###....###.#.# .##
##..# #...........
## #..###.....#...#
# ##..##......#(# #
##..#...#@T(#..T..#
##
#.......#..#.....#
.###
###..#...###.....#
...###### #...#..#
#...#..
###..##.###....###
#.#... $
#.#....###..#..
#...# ###....#
#.#.... # ..#...
#.....##
#........##
##........ #.#.###
#.#.....#..
..#.....#.


You could see Snorg (berserk).

Vanquished Creatures
  A hydra (D:12)
  2 two-headed ogres
  A deep elf mage (D:12)
  2 ugly things
  A cyclops (D:14)
  A manticore (D:11)
  A hippogriff (D:7)
  A harpy skeleton (D:14)
  A hornet (D:10)
  A spriggan (D:8)
  4 wyverns
  A shadow (D:12)
  3 wraiths
  9 yaks
  A soldier ant (D:12)
  A sky beast (D:14)
  2 ice beasts
  3 black bears
  3 eyes of draining
  6 ogres
  A necrophage (D:10)
  4 phantoms
  5 centaurs
  3 big kobolds
  An elf zombie (Ossuary)
  2 bullfrogs
  A wyvern zombie (D:8)
  A scorpion (D:5)
  8 killer bees
  2 centaur zombies
  3 crimson imps
  A quasit (D:14)
  An orc priest (D:4)
  2 bullfrog zombies (D:12)
  5 hounds
  2 jellies
  4 orc wizards
  3 bullfrog skeletons
  2 iguanas (D:12)
  8 worker ants
  A killer bee zombie (D:8)
  2 big kobold zombies (Ossuary)
  3 hound zombies
  2 mummies (Ossuary)
  2 worker ant zombies
  3 gnolls (D:4)
  A howler monkey skeleton (D:6)
  10 adders
  A shadow imp (D:5)
  3 oozes
  2 adder zombies
  5 worms
  2 leopard geckos
  27 orcs
  A ball python (D:7)
  7 giant cockroaches
  8 hobgoblins
  3 jackals (D:3)
  4 quokkas
  9 bats
  5 frilled lizards
  7 goblins
  3 goblin zombies (Ossuary)
  13 hobgoblin zombies (Ossuary)
  A jackal skeleton (D:6)
  3 jackal zombies (Ossuary)
  11 kobolds
  6 kobold zombies (Ossuary)
  A leopard gecko skeleton (D:4)
  A leopard gecko zombie (D:6)
  7 orc zombies (Ossuary)
  9 rats
267 creatures vanquished.

Vanquished Creatures (others)
  2 plants (D:8)
2 creatures vanquished.

Grand Total: 269 creatures vanquished

Notes
Turn   | Place    | Note
-------+----------+-------------------------------------------
     0 | D:1      | Inarius the Mummy Fighter began the quest for the Orb.
     0 | D:1      | Reached XP level 1. HP: 18/18 MP: 1/1
   139 | D:1      | Reached XP level 2. HP: 22/24 MP: 2/2
   532 | D:1      | Reached XP level 3. HP: 28/29 MP: 3/3
   626 | D:2      | Reached skill level 1 in Dodging
   678 | D:2      | Found a stormy altar of Qazlal.
  1587 | D:3      | Reached XP level 4. HP: 35/37 MP: 4/4
  2171 | D:3      | Found a sacrificial altar of Ru.
  2380 | D:4      | Reached XP level 5. HP: 42/42 MP: 5/5
  2417 | D:4      | Noticed an ogre
  2430 | D:4      | Killed an ogre
  2430 | D:4      | Reached skill level 4 in Fighting
  2453 | D:4      | Found a sand-covered staircase.
  2488 | D:4      | Noticed a phantom
  2496 | Ossuary  | Entered an ossuary
  2769 | Ossuary  | Reached XP level 6. HP: 45/49 MP: 6/6
  3346 | D:4      | Reached skill level 5 in Fighting
  3378 | D:4      | Reached XP level 7. HP: 32/56 MP: 7/7
  3701 | D:5      | Entered Level 5 of the Dungeon
  3750 | D:5      | Reached skill level 1 in Throwing
  3832 | D:5      | Found a glowing golden altar of the Shining One.
  4107 | D:5      | Found Hutuh's Gadget Shop.
  4228 | D:5      | Found a blossoming altar of Fedhas.
  4231 | D:5      | Found an ancient bone altar of Kikubaaqudgha.
  4240 | D:5      | Found a hazy altar of Hepliaklqana.
  4379 | D:5      | Reached skill level 5 in Shields
  4514 | D:5      | Reached XP level 8. HP: 64/64 MP: 8/8
  4878 | D:6      | Found an iron altar of Okawaru.
  4919 | D:6      | Found a runed door.
  4921 | D:6      | Found a shimmering altar of Xom.
  4921 | D:6      | Noticed a short sword of chaos
  4921 | D:6      | Noticed vogonpoet's ghost (novice SpVM)
  5089 | D:6      | Reached skill level 6 in Fighting
  5109 | D:6      | Found a staircase to the Ecumenical Temple.
  5123 | Temple   | Entered the Ecumenical Temple
  5228 | Temple   | Became a worshipper of Gozag Ym Sagoz the Greedy
  6316 | D:7      | Found a shimmering altar of Xom.
  6368 | D:7      | Noticed a hippogriff
  6384 | D:7      | Killed a hippogriff
  6634 | D:7      | Reached skill level 1 in Maces & Flails
  6661 | D:7      | Reached skill level 5 in Armour
  7130 | D:8      | Reached XP level 9. HP: 66/71 MP: 9/9
  7285 | D:8      | Found a hide-covered altar of Uskayaw.
  7487 | D:8      | Reached skill level 7 in Fighting
  8418 | D:8      | Found a shadowy altar of Dithmenos.
  8498 | D:8      | Found a staircase to the Lair.
  8499 | D:8      | Noticed a komodo dragon
  8613 | D:8      | Found a basalt altar of Yredelemnul.
  8854 | D:9      | Found an ornate altar of the Wu Jian Council.
  8894 | D:9      | Found Imatsir's Book Emporium.
  9178 | D:9      | Found a deep blue altar of Sif Muna.
  9586 | D:10     | Entered Level 10 of the Dungeon
 10347 | D:9      | Reached skill level 8 in Fighting
 10347 | D:9      | Reached XP level 10. HP: 69/80 MP: 10/10
 11188 | D:10     | Found a staircase to the Orcish Mines.
 11452 | D:11     | Noticed a manticore
 11457 | D:11     | Killed a manticore
 11860 | D:11     | Noticed a cyan ugly thing
 11870 | D:11     | Killed a cyan ugly thing
 11870 | D:11     | Reached skill level 5 in Maces & Flails
 12038 | D:11     | Noticed a two-headed ogre
 12086 | D:11     | Killed a two-headed ogre
 12535 | D:12     | Noticed a seven-headed hydra
 12546 | D:12     | Killed a seven-headed hydra
 12546 | D:12     | Reached skill level 9 in Fighting
 12774 | D:12     | Noticed a deep elf mage
 12791 | D:12     | Killed a deep elf mage
 12791 | D:12     | Reached XP level 11. HP: 58/89 MP: 11/11
 13336 | D:12     | Noticed a purple ugly thing
 13356 | D:12     | Killed a purple ugly thing
 13707 | D:12     | You fall through a shaft for 3 floors!
 13707 | D:15     | Entered Level 15 of the Dungeon
 13707 | D:15     | Noticed a four-headed hydra
 13707 | D:15     | Noticed a tengu warrior
 13707 | D:15     | Noticed a tengu warrior
 13722 | D:15     | Noticed a tengu warrior
 13727 | D:15     | Noticed a white ugly thing
 13727 | D:15     | Noticed a white ugly thing
 13727 | D:15     | Noticed a white ugly thing
 13727 | D:15     | Noticed a white ugly thing
 13733 | D:15     | Found a staircase to the Depths.
 13733 | D:15     | Noticed a necromancer
 13733 | D:15     | Noticed a phantasmal warrior
 14021 | D:14     | Noticed a two-headed ogre
 14039 | D:14     | Killed a two-headed ogre
 14725 | D:14     | Learned a level 3 spell: Vampiric Draining
 14735 | D:14     | Noticed Snorg
 14748 | D:14     | HP: 4/90 [Snorg (6)]
 14748 | D:14     | Slain by Snorg

Vault maps used:
D:1:      dpeg_arrival_pits, minmay_stone_trees_small, minmay_tripent
D:2:      nicolae_qazlal_eye_of_the_storm, serial_bayou, serial_bayou_ford_a,
          serial_bayou_lagoon_a, serial_bayou_lagoon_b, serial_bayou_shore_a
D:3:      nicolae_overflow_hidden_temple, first_ration
D:4:      enter_ossuary_5
D:5:      grunt_temple_overflow_growth_and_decay, lemuel_round_altar,
          nicolae_overflow_crystal_walls, serial_shops,
          nicolae_shop_behind_doors, minmay_misc_feat_doors
D:6:      kennysheep_mini_moat, minmay_temple_entry_hall, ebering_ghost_xom
D:7:      lemuel_doored_altar
D:8:      old_standard_altar, lemuel_coloured_pillars_altar, marbit_many_paths,
          david_lair_shrubbed, the_bakery
D:9:      kennysheep_mini, lemuel_crystal_altar, serial_shops, shop
D:10:     orc_0_dummy
D:14:     minmay_splitting_lines, uniq_snorg
D:15:     gammafunk_depths_entry_grave, nicolae_gozag_seed_capital,
          serial_shops, nicolae_shop_crystal, kb_rosetta
Temple:   kb_corrupted_temple
Ossuary:  ossuary_tomb_1

Skill      XL: |  1  2  3  4  5  6  7  8  9 10 11 |
---------------+----------------------------------+-----
Dodging        | 1 2 |  2.2
Shields        | 3 4 5 6 7 8 |  8.0
Armour         | 3 4 5 6 7 |  7.3
Fighting       | 4 5 6 8 9 |  9.9
Throwing       | 1 2 3 |  3.2
Maces & Flails | 1 4 5 |  5.5
Long Blades    | 4 |  4.5
Stealth        | |  0.3
Evocations     | |  0.9

Action                   |  1- 3 |  4- 6 |  7- 9 | 10-12 || total
-------------------------+-------+-------+-------+-------++-------
Melee: Long sword        |    18 |       |       |   225 ||   243
       Dagger            |   145 |   111 |       |       ||   256
       Whip              |       |   235 |   856 |   218 ||  1309
Throw: Tomahawk          |       |    10 |    33 |    18 ||    61
Invok: Potion Petition   |       |       |     1 |       ||     1
Evoke: Wand              |       |       |     3 |    10 ||    13
  Use: Scroll            |       |     8 |    13 |    10 ||    31
 Stab: Fleeing           |       |       |     1 |       ||     1
       Distracted        |       |       |       |     1 ||     1
Armor: Scale mail        |    60 |     6 |       |       ||    66
       Chain mail        |       |   119 |       |       ||   119
       Gold dragon scale |       |       |   546 |   229 ||   775
Dodge: Dodged            |    47 |    63 |    74 |    84 ||   268
Block: Shield            |    86 |   130 |   458 |   232 ||   906
       Rpst.: Long sword |     5 |       |       |     8 ||    13

Table legend:
 A = Non-vault XP
 B = Vault XP
 C = Vault XP percentage of total XP
 D = Non-vault monster count
 E = Vault monster count
 F = Vault count percentage of total count
                 A         B        C        D         E       F
            +---------+---------+-------+---------+---------+-------
      Total |   15824 |     586 |   3.6 |     225 |      42 |  15.7
            +---------+---------+-------+---------+---------+-------
        D:1 |      43 |       4 |   8.5 |      26 |       2 |   7.1
        D:2 |      30 |       0 |   0.0 |      11 |       0 |   0.0
        D:3 |      83 |       0 |   0.0 |      25 |       0 |   0.0
        D:4 |     355 |       0 |   0.0 |      15 |       0 |   0.0
        D:5 |     674 |       0 |   0.0 |      22 |       0 |   0.0
        D:6 |     376 |       0 |   0.0 |      10 |       0 |   0.0
        D:7 |     908 |     100 |   9.9 |      20 |       1 |   4.8
        D:8 |    1214 |     220 |  15.3 |      17 |       1 |   5.6
        D:9 |     615 |       0 |   0.0 |      12 |       0 |   0.0
       D:10 |    1882 |       0 |   0.0 |      15 |       0 |   0.0
       D:11 |    2430 |       0 |   0.0 |       8 |       0 |   0.0
       D:12 |    4216 |       0 |   0.0 |      27 |       0 |   0.0
       D:14 |    2998 |       0 |   0.0 |      17 |       0 |   0.0
    Ossuary |       0 |     262 | 100.0 |       0 |      38 | 100.0
            +---------+---------+-------+---------+---------+-------
